 Dungeon Crawl Stone Soup version 0.27-a0-1105-g946c659c87 (webtiles) character file.

Game seed: 15352540643677783102

84 senseless the Skirmisher (level 4, -1/41 HPs)
             Began as a Hill Orc Fighter on Apr 30, 2021.
             Was an Initiate of Beogh.
             Slain by a gnoll
             ... wielding a +0 spear
              (4 damage)
             ... on level 3 of the Dungeon.
             The game lasted 00:03:07 (1736 turns).

senseless the Skirmisher (Hill Orc Fighter)         Turns: 1736, Time: 00:03:08

Health: -1/41      AC:  8    Str: 19    XL:     4   Next: 45%
Magic:  4/4        EV:  7    Int:  8    God:    Beogh [......]
Gold:   131        SH:  9    Dex: 10    Spells: 3/3 levels left

rFire    . . .     SeeInvis .   a - +0 war axe
rCold    . . .     Faith    .   c - +0 kite shield
rNeg     . . .     Spirit   .   b - +0 scale mail
rPois    .         Reflect  .   (no helmet)
rElec    .         Harm     .   (no cloak)
rCorr    .         Rampage  .   (no gloves)
Will     .....                  f - +0 pair of boots
Stlth    ..........             (no amulet)
HPRegen  0.13/turn              (no ring)
MPRegen  0.09/turn              (no ring)

@: mighty
A: no striking features
a: Renounce Religion


You were on level 3 of the Dungeon.
You worshipped Beogh.
Beogh was noncommittal.
You visited 1 branch of the dungeon, and saw 3 of its levels.

You collected 131 gold pieces.

Inventory:

Hand Weapons
 a - a +0 war axe (weapon)
Armour
 b - a +0 scale mail (worn)
 c - a +0 kite shield (worn)
 f - a +0 pair of boots (worn)
Scrolls
 e - a scroll of identify
 g - a scroll of vulnerability {unknown}


   Skills:
 + Level 4.5 Fighting
 + Level 3.8 Axes
 + Level 3.8 Armour
 + Level 0.3 Dodging
 + Level 3.8 Shields


You had 3 spell levels left.
You didn't know any spells.
Your spell library contained the following spells:

 Spells                   Type           Power      Damage    Failure   Level
 Beastly Appendage        Tmut           0%         N/A       99%         1
 Wereblood                Tmut           0%         N/A       100%        2
 Spider Form              Tmut/Pois      0%         N/A       100%        3
 Ice Form                 Ice/Tmut       0%         N/A       100%        4
 Hydra Form               Tmut           0%         N/A       100%        5


Dungeon Overview and Level Annotations

Branches:
Dungeon (3/15)

Altars:


Message History

You barely miss the gnoll.
The gnoll is severely wounded.
The gnoll hits you with a +0 club. The gnoll hits you but does no damage.
You barely miss the gnoll.
The gnoll is severely wounded.
The gnoll closely misses you.
The gnoll hits you from afar with a +0 spear.
You block the gnoll's attack.
The gnoll hits you from afar with a +0 spear.
You barely miss the gnoll.
The gnoll is severely wounded.
The gnoll hits you but does no damage. x2; The gnoll hits you with a +0 club.
You hit the gnoll but do no damage.
The gnoll is severely wounded.
The gnoll barely misses you. The gnoll closely misses you.
The gnoll hits you but does no damage.
You hit the gnoll.
You kill the gnoll!
Beogh accepts your kill.
The gnoll hits you from afar with a +0 spear.
You feel very mighty all of a sudden. The gnoll hits you but does no damage.
The gnoll hits you but does no damage.
You see here a +0 club.
You barely miss the gnoll. The gnoll hits you with a +0 spear.
You block the gnoll's attack.
You are too injured to fight recklessly!
You are too injured to fight recklessly!
You slash the gnoll!
You kill the gnoll!
Beogh accepts your kill. The gnoll hits you with a +0 flail!
* * * LOW HITPOINT WARNING * * *
Your shield prevents you from hitting the gnoll.
You block the gnoll's attack. The gnoll hits you with a +0 flail!
* * * LOW HITPOINT WARNING * * *
You closely miss the gnoll. The gnoll hits you but does no damage.
You block the gnoll's attack.
The gnoll hits you from afar with a +0 spear.
You die...

....########........#####.###.###
.......## #........## #...†.#
........###########..# #.#.#.#
...........# ##.# #...#.#
#.#.....##.#########.####...#.#
#.##...###....................#
#. ##.## ###########.####....##
#. #.# ###########.# ##.#.# #.#
#....gg@....# #.#.# #.#
#.########### ....


You could see 2 gnolls.

Vanquished Creatures
  2 gnolls (D:3)
  3 adders
  A worm (D:3)
  A dart slug (D:2)
  2 orcs
  A bat (D:1)
  3 giant cockroaches
  4 hobgoblins
  5 kobolds
  4 ball pythons
  A frilled lizard (D:3)
  4 goblins
  A rat (D:2)
32 creatures vanquished.

Notes
Turn   | Place    | Note
-------+----------+-------------------------------------------
     0 | D:1      | senseless the Hill Orc Fighter began the quest for the Orb.
     0 | D:1      | Reached XP level 1. HP: 19/19 MP: 1/1
   247 | D:1      | Reached XP level 2. HP: 27/27 MP: 2/2
   995 | D:2      | Reached XP level 3. HP: 25/33 MP: 3/3
  1147 | D:2      | Reached skill level 4 in Fighting
  1583 | D:3      | Reached XP level 4. HP: 41/41 MP: 4/4
  1594 | D:3      | Became a worshipper of Beogh the Brigand
  1736 | D:3      | Slain by a gnoll

Illustrated notes

Levels and vault maps discovered:
D:1:      dpeg_arrival_morbid_curiosity, layout_rooms, serial_rivers,
          chequers_serial_rivers_micro_d, chequers_serial_rivers_micro_d,
          chequers_serial_rivers_small_a, chequers_serial_rivers_micro_b,
          chequers_serial_rivers_micro_e
D:2:      layout_rooms
D:3:      layout_loops_ring

Skill      XL: |  1  2  3 |
---------------+----------+-----
Axes           | 3 |  3.8
Fighting       | 4 |  4.5
Armour         | |  3.8
Dodging        | |  0.3
Shields        | |  3.8

Action                   |  1- 3 |  4- 6 || total
-------------------------+-------+-------++-------
Melee: War axe           |    96 |    21 ||   117
Invok: Convert to Beogh  |       |     1 ||     1
  Use: Scroll            |     2 |       ||     2
       Potion            |       |     1 ||     1
Armor: Scale mail        |    54 |    11 ||    65
Dodge: Dodged            |    30 |     8 ||    38
Block: Kite shield       |    60 |     7 ||    67

Table legend: (Time is in decaauts)
 A = Elapsed time spent in this place.
 B = Non-inter-level travel time spent in this place.
 C = Inter-level travel time spent in this place.
 D = Time resting spent in this place.
 E = Time spent auto-exploring this place.
 F = Levels seen in this place.
 G = Mean time per level.
                   A        B        C        D        E       F      G
               +--------+--------+--------+--------+--------+-----+--------+
         Total |   1804 |   1773 |     31 |      0 |   1480 |   3 |  601.3 |
       Dungeon |   1804 |   1773 |     31 |      0 |   1480 |   3 |  601.3 |
               +--------+--------+--------+--------+--------+-----+--------+

Top non-repeatable levels by time:
     D:1: 872 daAuts
     D:2: 477 daAuts
     D:3: 454 daAuts
